 Dungeon Crawl Stone Soup version 0.30-a0-1123-gabc949cf19 (webtiles) character file.

Game seed: 1813645770081872448

93 Jeffwins the Slasher (level 4, 0/33 HPs)
             Began as a Human Wanderer on Apr 22, 2023.
             Slain by a gnoll
             ... wielding a +0 halberd
              (2 damage)
             ... on level 2 of the Dungeon.
             The game lasted 00:02:15 (1178 turns).

Jeffwins the Slasher (Human Wanderer)               Turns: 1178, Time: 00:02:15

Health: 0/33       AC:  3    Str: 10    XL:     4   Next: 92%
Magic:  4/4        EV: 12    Int: 11    God:
Gold:   139        SH:  0    Dex: 18    Spells: 3/3 levels left

rFire   . . .        a - +2 falchion
rCold   . . .        (no shield)
rNeg    . . .        e - +0 robe
rPois   .            c - +0 helmet
rElec   .            (no cloak)
rCorr   .            (no gloves)
SInv    .            (no boots)
Will    .....        (no amulet)
Stlth   ++           (no ring)
HPRegen 0.25/turn    (no ring)
MPRegen 0.09/turn

%: no passive effects
@: no status effects
A: no striking features
a: no special abilities


You were on level 2 of the Dungeon.
You visited 1 branch of the dungeon, and saw 2 of its levels.

You collected 139 gold pieces.


   Skills:
 + Level 2.1 Fighting
 - Level 3.0 Long Blades
 * Level 2.8 Ranged Weapons
 - Level 1.0 Armour
 - Level 2.0 Dodging
 + Level 3.0 Stealth
 - Level 1.0 Evocations


You had 3 spell levels left.
You didn't know any spells.
Your spell library was empty.

Inventory:

Hand Weapons
 a - a +2 falchion (weapon)
Missiles
 f - 2 poisoned darts (quivered)
Armour
 c - a +0 helmet (worn)
 e - a +0 robe (worn)
 h - an orb of wrath
Scrolls
 b - a scroll of fog
 d - a scroll of blinking
 g - 2 scrolls of enchant weapon {unknown}
 i - 2 scrolls of identify {unknown}
 j - a scroll of poison {unknown}
 k - a scroll of brand weapon {unknown}
 o - 4 scrolls of noise {unknown}
 q - a scroll of fear {unknown}
 s - 2 scrolls of teleportation {unknown}
Potions
 l - a potion of might {unknown}
 m - a potion of ambrosia {unknown}
 n - a potion of invisibility {unknown}
 p - a potion of flight {unknown}
 r - a potion of heal wounds {unknown}

Dungeon Overview and Level Annotations

Branches:
Dungeon (2/15)

Altars:

................#................
........................###..####
.##.........................##
..............###...........#
.[............###..........##
........#...#..........(...#
........#########..........#
########...........#
......g.@##........#
###...g.###.......## #....g#
#.<.....# #.....# #.......#
#.....# ######### #######


You could see 3 gnolls.


Message History

No target in view!
No target in view!
No target in view!
You see here a hobgoblin corpse.
r - a sapphire potion
Found 2 scrolls labelled YSSOEVVA QUGRE.
Found a stone staircase leading up.
Found 14 gold pieces.
o - 4 scrolls labelled COCZIPREIP (gained 3)
s - 2 scrolls labelled YSSOEVVA QUGRE You see here 3 stones.
You now have 139 gold pieces (gained 14).
There is a stone staircase leading up here. 2 gnolls come into view.
A gnoll comes into view. It is wielding a +0 halberd.
The gnoll shouts! x3
You hit the gnoll.
The gnoll is lightly wounded.
The gnoll hits you with a +0 whip. The gnoll closely misses you.
The gnoll hits you with a +0 club!
You slash the gnoll!
The gnoll is severely wounded.
The gnoll closely misses you.
The gnoll hits you from afar with a +0 halberd!
* * * LOW HITPOINT WARNING * * *
The gnoll hits you with a +0 club!
* * * LOW HITPOINT WARNING * * *
The gnoll attacks as you move away! The gnoll barely misses you.
The gnoll hits you from afar with a +0 halberd.
You die...

Skill      XL: |  1  2  3  4 |
---------------+-------------+-----
Ranged Weapons | 1 2 |  2.8
Fighting       | 2 |  2.1
Stealth        | 3 |  3.0
Long Blades    | |  3.0
Armour         | |  1.0
Dodging        | |  2.0
Evocations     | |  1.0

Action                     |  1- 3 |  4- 6 || total
---------------------------+-------+-------++-------
  Melee: Falchion          |    57 |    68 ||   125
         Punch             |     1 |       ||     1
   Stab: Sleeping          |     4 |       ||     4
 Armour: Robe              |    13 |    15 ||    28
  Dodge: Dodged            |    43 |    64 ||   107

Levels and vault maps discovered:
D:1:      zaba_arrival_water, layout_basic
D:2:      layout_rooms, minmay_randomly_rotated_circles, uniq_robin

Notes
Turn   | Place    | Note
-------+----------+-------------------------------------------
     0 | D:1      | Jeffwins the Human Wanderer began the quest for the Orb.
     0 | D:1      | Jeffwins set off with the following items: a +2 falchion, a
                  | scroll of fog, a +0 helmet, a scroll of blinking, a +0
                  | robe.
     0 | D:1      | Reached XP level 1. HP: 15/15 MP: 1/1
   136 | D:1      | Reached XP level 2. HP: 21/21 MP: 2/2
   144 | D:1      | Reached skill level 1 in Ranged Weapons
   179 | D:1      | Reached XP level 3. HP: 19/26 MP: 3/3
   684 | D:1      | Reached skill level 2 in Ranged Weapons
   766 | D:1      | Reached XP level 4. HP: 31/33 MP: 4/4
   833 | D:2      | Noticed Robin
   843 | D:1      | Reached skill level 2 in Fighting
  1035 | D:2      | Killed Robin
  1140 | D:2      | Reached skill level 3 in Stealth
  1177 | D:2      | HP: 2/33 [gnoll/+0 club (7)]
  1178 | D:2      | Slain by a gnoll

Vanquished Creatures
  Robin (D:2)
  2 adders (D:1)
  5 dart slugs
  3 endoplasms (D:1)
  3 giant cockroaches
  12 goblins
  7 hobgoblins
  2 quokkas (D:1)
  2 ball pythons (D:1)
  6 bats
  2 frilled lizards
  3 kobolds
  3 rats
51 creatures vanquished.

Vanquished Creatures (others)
  A goblin (D:2)
1 creature vanquished.

Grand Total: 52 creatures vanquished

Table legend: (Time is in decaauts)
 A = Elapsed time spent in this place.
 B = Non-inter-level travel time spent in this place.
 C = Inter-level travel time spent in this place.
 D = Time resting spent in this place.
 E = Time spent auto-exploring this place.
 F = Levels seen in this place.
 G = Mean time per level.
                   A        B        C        D        E       F      G
               +--------+--------+--------+--------+--------+-----+--------+
         Total |   1207 |   1181 |     26 |    169 |    656 |   2 |  603.5 |
       Dungeon |   1207 |   1181 |     26 |    169 |    656 |   2 |  603.5 |
               +--------+--------+--------+--------+--------+-----+--------+

Top non-repeatable levels by time:
     D:1: 923 daAuts
     D:2: 284 daAuts

Table legend:
 A = Non-vault XP
 B = Vault XP
 C = Vault XP percentage of total XP
 D = Non-vault monster count
 E = Vault monster count
 F = Vault count percentage of total count
                 A         B        C        D         E       F
            +---------+---------+-------+---------+---------+-------
      Total |      99 |      35 |  26.1 |      40 |      11 |  21.6
            +---------+---------+-------+---------+---------+-------
        D:1 |      78 |      10 |  11.4 |      30 |       5 |  14.3
        D:2 |      21 |      25 |  54.3 |      10 |       6 |  37.5
            +---------+---------+-------+---------+---------+-------
